 Dungeon Crawl Stone Soup version 0.29.1-13-g9f3cf754e1 (webtiles) character file.

Game seed: 11630902128743454443

25695 raph the Impaler (level 12, -3/99 HPs)
             Began as a Minotaur Fighter on Jan 28, 2023.
             Was a High Priest of Hepliaklqana.
             Slain by a six-headed hydra (5 damage)
             ... on level 5 of the Lair of Beasts.
             The game lasted 00:24:18 (14642 turns).

raph the Impaler (Minotaur Fighter)                Turns: 14642, Time: 00:24:19

Health: -3/99      AC: 21    Str: 22    XL:     12   Next: 91%
Magic:  14/14      EV: 10    Int:  8    God:    Hepliaklqana [*****.]
Gold:   447        SH:  0    Dex: 14    Spells: 11/11 levels left

rFire   . . .      SeeInvis .   a - +1 glaive (flame)
rCold   . . .      Faith    .   (shield currently unavailable)
rNeg    . . .      Spirit   .   w - +0 plate armour
rPois   +          Reflect  .   l - +2 hat
rElec   .          Harm     .   A - +0 cloak
rCorr   +          Rampage  .   (no gloves)
Will    .....                   s - +1 pair of boots
Stlth   ..........              (no amulet)
HPRegen 0.26/turn               p - ring of Satyriasis {rPois Int+3}
MPRegen 0.14/turn               o - ring of resist corrosion

@: about to teleport
A: reduced essence, horns 2, retaliatory headbutt
a: Renounce Religion, Recall Ancestor, Ancestor Identity, Transference, Idealise


You were on level 5 of the Lair of Beasts.
You worshipped Hepliaklqana.
Hepliaklqana was extremely pleased with you.
You visited 2 branches of the dungeon, and saw 14 of its levels.

You collected 726 gold pieces.
You spent 279 gold pieces at shops.

Inventory:

Hand Weapons
 a - a +1 glaive of flaming (weapon)
 d - a +1 trident of freezing
 G - the +11 halberd of Xohenefu {vorpal, Fly rCorr Str-5}
   (You bought it in a shop on level 8 of the Dungeon)

   It inflicts extra damage upon your enemies.
   Str:       It affects your strength (-5).
   Fly:       It grants you flight.
   rCorr:     It protects you from acid and corrosion.
Missiles
 f - 3 boomerangs (quivered)
 y - 15 poisoned darts
 z - 2 javelins
Armour
 b - a +0 scale mail
 c - a +1 buckler
 l - a +2 hat (worn)
 s - a +1 pair of boots (worn)
 w - a +0 plate armour (worn)
 A - a +0 cloak (worn)
Jewellery
 o - a ring of resist corrosion (right hand)
 p - the ring of Satyriasis (left hand) {rPois Int+3}
   (You found it on level 5 of the Dungeon)

   [ring of poison resistance]

   Int:       It affects your intelligence (+3).
   rPois:     It protects you from poison.
 B - a +6 ring of intelligence
Wands
 h - a wand of iceblast (8)
 q - a wand of flame (22)
 t - a wand of digging (5)
 C - a wand of mindburst (3)
 D - a wand of light (3)
 E - a wand of polymorph (3)
Scrolls
 g - 5 scrolls of teleportation
 r - 4 scrolls of amnesia
Potions
 e - a potion of resistance
 i - 3 potions of curing
 j - 7 potions of flight
 m - a potion of invisibility
 n - 4 potions of lignification
 v - 3 potions of mutation
 x - a potion of magic
 F - a potion of cancellation
Miscellaneous
 k - a phial of floods


   Skills:
 + Level 11.0 Fighting
 + Level 15.3 Polearms
 - Level 4.7 Throwing
 + Level 11.0 Armour
 + Level 9.5 Dodging
 - Level 3.6 Shields
 + Level 5.2 Invocations
 + Level 6.1 Evocations


You had 11 spell levels left.
You didn't know any spells.
Your spell library contained the following spells:

 Spells                   Type           Power      Damage    Failure   Level
 Beastly Appendage        Tmut           0%         N/A       99%         1
 Magic Dart               Conj           0%         1d3       99%         1
 Slow                     Hex            0%         N/A       99%         1
 Call Imp                 Summ           0%         N/A       100%        2
 Sublimation of Blood     Necr           0%         N/A       100%        2
 Wereblood                Tmut           0%         N/A       100%        2
 Confusing Touch          Hex            0%         N/A       100%        3
 Mephitic Cloud           Conj/Pois/Air  0%         N/A       100%        3
 Spider Form              Tmut/Pois      0%         N/A       100%        3
 Vampiric Draining        Necr           0%         2d6       100%        3
 Summon Hydra             Summ           0%         N/A       100%        7


Dungeon Overview and Level Annotations

Branches:
Dungeon (10/15)            Temple (0/1) D:5            Lair (3/5) D:9
  Swamp (0/4) Lair:2        Snake (0/4) Lair:2
    Orc: D:9-12

Altars:
Ashenzari
Dithmenos
Fedhas
Hepliaklqana

Shops:
D:3 (   D:4 [   D:8 (

Annotations:
D:10 Psyche
Lair:1 exclusion: 3 oklob plants


Innate Abilities, Weirdness & Mutations

Your life essence is reduced to manifest your ancestor. (-10% HP)
You have a pair of horns on your head.
You reflexively headbutt those who attack you in melee.


Message History

Fikile blocks the polar bear's attack. x2; Something hits Fikile!
Fikile is destroyed!
The six-headed hydra attacks as you move away!
The six-headed hydra bites you but does no damage.
The six-headed hydra bites you. The six-headed hydra bites you! x2
The six-headed hydra bites you but does no damage.
The six-headed hydra bites you.
The polar bear growls angrily.
The six-headed hydra attacks as you move away!
The six-headed hydra closely misses you.
You furiously retaliate!
You headbutt the six-headed hydra.
The six-headed hydra bites you but does no damage.
The six-headed hydra bites you. x2
* * * LOW HITPOINT WARNING * * *
The six-headed hydra bites you but does no damage.
The six-headed hydra bites you.
* * * LOW HITPOINT WARNING * * *
The blink frog blinks!
A vampire mosquito comes into view.
Okay, then.
The six-headed hydra attacks as you move away!
The six-headed hydra bites you but does no damage.
The six-headed hydra closely misses you.
The six-headed hydra barely misses you.
The six-headed hydra bites you but does no damage.
The six-headed hydra bites you!
* * * LOW HITPOINT WARNING * * *
The six-headed hydra barely misses you.
The vampire mosquito bites you but does no damage.
A bullfrog comes into view.
The vampire mosquito bites you but does no damage.
As you read the scroll of teleportation, it crumbles to dust.
You feel strangely unstable.
The vampire mosquito bites you but does no damage. x2
The six-headed hydra bites you!
* * * LOW HITPOINT WARNING * * *
The six-headed hydra bites you!
* * * LOW HITPOINT WARNING * * *
The six-headed hydra bites you.
You die...

##†+.............##
#...#.......#.....#
#P.###.......÷.÷..÷
#.†#...........÷.#.
##..##.##.......##.
#..##..#P........##
#.††..P............
#.......F....~~~...
##@..........≈≈F~..
##Dy....P.P.~≈≈≈~P.
#.........~~~~≈≈...
#.h###...P.~~.~~...
#..##.........~~.
##........~~.~~..
#.F.#......~~~~..
##..#......P~~..P
#....#....D......


You could see a six-headed hydra, a polar bear, a blink frog, a vampire mosquito
and a bullfrog.

Vanquished Creatures
  2 hydras
  2 boulder beetles
  A two-headed ogre (D:9)
  3 death yaks (D:9)
  A goliath frog (Lair:5)
  Pikel (D:7)
  5 cane toads
  3 komodo dragons
  A rime drake (Lair:5)
  A polar bear (Lair:5)
  Grinder (D:5)
  A hornet (D:9)
  19 blink frogs
  Sigmund (D:3)
  16 yaks
  2 wyverns
  3 steam dragons
  A vampire mosquito (Lair:5)
  Duvessa (D:7)
  5 water moccasins
  4 black bears
  2 orc warriors
  2 ice beasts
  4 ogres
  8 wolves
  8 bullfrogs
  A scorpion (D:4)
  A necrophage (D:6)
  3 wights (D:9)
  Dowan (D:7)
  A howler monkey (D:6)
  Crazy Yiuf (D:7)
  7 orc priests
  4 jellies
  2 iguanas
  3 orc wizards
  2 gnolls (D:9)
  8 adders
  A shadow imp (D:7)
  2 ufetubi
  2 dart slugs
  21 orcs
  6 endoplasms
  5 giant cockroaches
  14 goblins
  11 hobgoblins
  9 jackals
  7 quokkas
  9 ball pythons
  2 frilled lizards
  4 kobolds
  4 rats
229 creatures vanquished.

Vanquished Creatures (collateral kills)
  A hydra (Lair:3)
  A catoblepas (Lair:2)
  2 black mambas (Lair:3)
  2 cane toads (Lair:3)
  A rime drake (Lair:1)
  A komodo dragon (Lair:5)
  7 blink frogs (Lair:5)
  A wraith (D:9)
  A yak (Lair:2)
  A wyvern (Lair:3)
  A basilisk (Lair:3)
  A vampire mosquito (Lair:5)
  2 water moccasins
  2 ice beasts
  A wolf (Lair:1)
  A centaur (D:7)
  A lemure (D:7)
  A phantom (D:4)
  4 bullfrogs
  3 scorpions
  A wight (D:9)
  3 orc priests
  A gnoll bouda (D:9)
  A hound (D:6)
  2 jellies
  An orc wizard (D:8)
  An iguana (D:5)
  2 gnolls (D:9)
  7 orcs
  2 endoplasms (D:4)
  2 goblins (D:4)
58 creatures vanquished.

Vanquished Creatures (others)
  7 knights
  An orc wizard (D:4)
  An orc (D:4)
  A kobold (D:4)
  39 fungi
  102 plants
151 creatures vanquished.

Grand Total: 438 creatures vanquished

Notes
Turn   | Place    | Note
-------+----------+-------------------------------------------
     0 | D:1      | raph the Minotaur Fighter began the quest for the Orb.
     0 | D:1      | Reached XP level 1. HP: 19/19 MP: 0/0
    69 | D:1      | Reached skill level 3 in Polearms
    72 | D:1      | Reached XP level 2. HP: 22/26 MP: 1/1
   646 | D:1      | Reached skill level 4 in Polearms
   762 | D:1      | Found a faded altar of an unknown god.
   924 | D:2      | Reached XP level 3. HP: 29/31 MP: 2/2
  1241 | D:2      | Reached skill level 5 in Polearms
  1492 | D:2      | Found a hazy altar of Hepliaklqana.
  1500 | D:2      | Became a worshipper of Hepliaklqana the Forgotten
  1612 | D:2      | Reached XP level 4. HP: 39/39 MP: 3/3
  1658 | D:2      | Reached skill level 6 in Polearms
  1664 | D:2      | Reached XP level 5. HP: 31/45 MP: 4/4
  1950 | D:3      | Identified a scroll of acquirement
  1950 | D:3      | Acquired a +2 hat
  2079 | D:3      | Found Iciuw's Antique Weapon Emporium.
  2338 | D:3      | Reached skill level 7 in Polearms
  2629 | D:3      | Noticed Sigmund
  2631 | D:3      | Killed Sigmund
  2632 | D:3      | Reached skill level 8 in Polearms
  2632 | D:3      | Reached XP level 6. HP: 51/51 MP: 5/5
  2800 | D:4      | Reached * piety under Hepliaklqana
  3352 | D:4      | Reached skill level 9 in Polearms
  3902 | D:4      | Found Saruang's Antique Armour Boutique.
  3937 | D:4      | Reached XP level 7. HP: 49/51 MP: 6/6
  4289 | D:4      | Reached skill level 10 in Polearms
  4497 | D:5      | Entered Level 5 of the Dungeon
  4528 | D:5      | Noticed Grinder
  4536 | D:5      | Killed Grinder
  4537 | D:5      | Reached skill level 11 in Polearms
  4630 | D:5      | Reached ** piety under Hepliaklqana
  4630 | D:5      | Noticed a steam dragon
  4631 | D:5      | Remembered your ancestor Fikile as a knight
  4641 | D:5      | Killed a steam dragon
  4642 | D:5      | Reached XP level 8. HP: 15/57 MP: 7/7
  4879 | D:5      | Reached skill level 12 in Polearms
  5028 | D:5      | Found a staircase to the Ecumenical Temple.
  5334 | D:5      | Identified the ring of Satyriasis {rPois Int+3}
  5599 | D:6      | Reached skill level 13 in Polearms
  6140 | D:6      | Reached skill level 14 in Polearms
  6140 | D:6      | Reached XP level 9. HP: 61/63 MP: 8/8
  6541 | D:7      | Noticed Duvessa
  6543 | D:7      | Noticed Dowan
  6551 | D:7      | Killed Duvessa
  6552 | D:7      | Reached skill level 1 in Dodging
  6560 | D:7      | Killed Dowan
  6878 | D:7      | Noticed Pikel
  6888 | D:7      | Killed Pikel
  6889 | D:7      | Reached skill level 5 in Fighting
  6889 | D:7      | Reached skill level 5 in Armour
  7070 | D:7      | Reached *** piety under Hepliaklqana
  7307 | D:7      | Found a runed translucent door.
  7308 | D:7      | Noticed Crazy Yiuf
  7316 | D:7      | Killed Crazy Yiuf
  8017 | D:8      | Found a shadowy altar of Dithmenos.
  8248 | D:8      | Reached skill level 5 in Dodging
  8527 | D:8      | You fall into a shaft and drop 2 floors!
  8527 | D:10     | Entered Level 10 of the Dungeon
  8556 | D:10     | Reached XP level 10. HP: 66/75 MP: 9/9
  8733 | D:9      | Noticed a death yak
  8733 | D:9      | Noticed a two-headed ogre
  8735 | D:9      | Noticed a death yak
  8736 | D:9      | Noticed a death yak
  8746 | D:9      | Killed a two-headed ogre
  8747 | D:9      | Reached skill level 1 in Throwing
  8747 | D:9      | Reached skill level 1 in Evocations
  8751 | D:9      | Killed a death yak
  8757 | D:9      | Killed a death yak
  8763 | D:9      | Killed a death yak
  8779 | D:9      | Paralysed by a hornet for 3 turns
  8787 | D:9      | Reached XP level 11. HP: 19/85 MP: 10/10
  9439 | D:8      | Found Poroid's Antique Weapon Emporium.
  9445 | D:8      | Bought a crystal halberd for 279 gold pieces
  9445 | D:8      | Identified the +11 halberd of Xohenefu {vorpal, Fly rCorr
                  | Str-5} (You bought it in a shop on level 8 of the Dungeon)
  9601 | D:9      | Found a staircase to the Lair.
  9627 | D:9      | Found a blossoming altar of Fedhas.
  9627 | D:9      | Found a broken altar of Ashenzari.
 10081 | D:9      | Reached **** piety under Hepliaklqana
 10233 | D:10     | Noticed Psyche
 10367 | Lair:1   | Entered Level 1 of the Lair of Beasts
 10987 | Lair:1   | Reached skill level 1 in Invocations
 11239 | Lair:1   | Noticed an oklob plant
 11239 | Lair:1   | Noticed an oklob plant
 11239 | Lair:1   | Noticed an oklob plant
 11398 | Lair:2   | Noticed an eight-headed hydra
 11402 | Lair:2   | Killed a five-headed hydra
 11704 | Lair:2   | Found a staircase to the Swamp.
 11749 | Lair:2   | Noticed a boulder beetle
 11756 | Lair:2   | Noticed a catoblepas
 11778 | Lair:2   | Killed a boulder beetle
 11900 | Lair:2   | Killed a catoblepas
 12491 | Lair:2   | Found a staircase to the Snake Pit.
 12621 | Lair:2   | Reached XP level 12. HP: 91/95 MP: 13/13
 13009 | Lair:3   | Reached skill level 10 in Armour
 13011 | Lair:3   | Reached skill level 10 in Fighting
 13183 | Lair:3   | Noticed a six-headed hydra
 13189 | Lair:3   | Killed a two-headed hydra
 13231 | Lair:3   | Reached skill level 5 in Evocations
 13239 | Lair:3   | Reached ***** piety under Hepliaklqana
 13645 | Lair:3   | You fall into a shaft and drop 2 floors!
 13645 | Lair:5   | Entered Level 5 of the Lair of Beasts
 13755 | Lair:5   | Noticed a boulder beetle
 13788 | Lair:5   | Killed a boulder beetle
 13870 | Lair:5   | Reached skill level 15 in Polearms
 14469 | Lair:5   | Reached skill level 5 in Invocations
 14615 | Lair:5   | Noticed a five-headed hydra
 14624 | Lair:5   | Noticed a six-headed hydra
 14632 | Lair:5   | Killed a one-headed hydra
 14642 | Lair:5   | HP: 2/99 [six-headed hydra (11)]
 14642 | Lair:5   | Slain by a six-headed hydra

Illustrated notes

Levels and vault maps discovered:
D:1:      wander_arrival_lonely_grave, layout_rooms,
          hellmonk_ecumenical_altar_zigzags
D:2:      cheibrodos_pilgrimage, layout_loops_ring, basic_altar
D:3:      cheibrodos_greedy_goblins, layout_loops_cross, serial_shops,
          nicolae_diamond_shop, uniq_sigmund
D:4:      layout_loops_cross, serial_shops, nicolae_shop_waterfront,
          minivault_26
D:5:      layout_rooms, minmay_temple_entry_proselytizer, bh_walls_and_bars,
          uniq_grinder
D:6:      layout_layer_cave
D:7:      layout_loops_ring, chequers_jeans, uniq_pikel,
          uniq_crazy_yiuf_cottage, uniq_duvessa
D:8:      layout_loops_cross, mainiacjoe_overflow_surrounded_room, serial_shops,
          nicolae_shop_behind_doors, grunt_decor_junction,
          minmay_stone_trees_large
D:9:      layout_loops_cross, gammafunk_temple_overflow_pools,
          dpeg_lair_monsters, grunt_ministairs_2
D:10:     minmay_klotski, layout_basic, kennysheep_mini_moat, uniq_psyche,
          uniq_josephine
Lair:1:   minmay_lair_oklob_chamber, layout_hall_layers,
          chequers_serial_rivers_micro_a
Lair:2:   layout_roguey, swamp_mist, dummy_snake_entry
Lair:3:   layout_cave_pods
Lair:5:   minmay_lair_end_frog_pond, layout_regular_city, slime_entry_1,
          fungi_pond_lemuel

Skill      XL: |  1  2  3  4  5  6  7  8  9 10 11 12 |
---------------+-------------------------------------+-----
Polearms       | 3 4 5 6 8 9 11 14 15 | 15.3
Fighting       | 6 8 9 11 | 11.0
Armour         | 6 8 9 11 | 11.0
Dodging        | 5 7 8 9 |  9.5
Throwing       | 3 4 |  4.7
Evocations     | 3 4 6 |  6.1
Invocations    | 3 5 |  5.2
Shields        | |  3.6

Action                   |  1- 3 |  4- 6 |  7- 9 | 10-12 || total
-------------------------+-------+-------+-------+-------++-------
Melee: Trident           |   106 |   125 |   242 |    89 ||   562
       Headbutt          |     9 |    12 |    32 |    55 ||   108
       Glaive            |       |       |       |   270 ||   270
Throw: Boomerang         |       |       |     4 |    19 ||    23
Invok: Recall Ancestor   |       |     1 |     1 |     1 ||     3
       Ancestor Life: Kn |       |       |     1 |       ||     1
Evoke: Wand              |       |     3 |       |     5 ||     8
  Use: Scroll            |     5 |     3 |    10 |     9 ||    27
       Potion            |       |       |       |     5 ||     5
 Stab: Distracted        |       |     1 |     3 |     3 ||     7
       Invisible         |       |       |       |     1 ||     1
       Petrified         |       |       |       |     6 ||     6
Armor: Scale mail        |    43 |    33 |    22 |       ||    98
       Plate armour      |       |       |    22 |   141 ||   163
Dodge: Dodged            |    32 |    22 |    44 |   114 ||   212
Block: Buckler           |    15 |    11 |    21 |     5 ||    52
